 Dungeon Crawl Stone Soup version 0.26.1-10-gdfb7c7de75 (webtiles) character file.

Game seed: 2337331805408608703

86 mrburnz the Cudgeller (level 4, -13/41 HPs)
             Began as a Minotaur Berserker on Apr 11, 2021.
             Was a Believer of Trog.
             Mangled by a gnoll
             ... wielding a +0 halberd
              (18 damage)
             ... on level 3 of the Dungeon.
             The game lasted 00:06:16 (1896 turns).

mrburnz the Cudgeller (Minotaur Berserker)          Turns: 1896, Time: 00:06:16

Health: -13/41     AC:  5    Str: 22    XL:     4   Next: 27%
Magic:  3/3        EV: 11    Int:  4    God:    Trog [**....]
Gold:   174        SH:  0    Dex: 10    Spells: 3/3 levels left

rFire    . . .     SeeInvis .   a - +0 mace
rCold    . . .     Faith    .   (no shield)
rNeg     . . .     Spirit   .   i - +0 ring mail
rPois    .         Reflect  .   (helmet restricted)
rElec    .         Harm     .   (no cloak)
rCorr    .         Rampage  .   (no gloves)
Will     .....                  (no boots)
Stlth    ..........             (no amulet)
HPRegen  0.13/turn              (no ring)
MPRegen  0.08/turn              (no ring)

@: no status effects
A: retaliatory headbutt, horns 2
a: Renounce Religion, Berserk, Trog's Hand


You were on level 3 of the Dungeon.
You worshipped Trog.
Trog was pleased with you.
You visited 1 branch of the dungeon, and saw 3 of its levels.

You collected 174 gold pieces.

Inventory:

Hand Weapons
 a - a +0 mace (weapon)
Armour
 i - a +0 ring mail (worn)
Wands
 m - a wand of acid (6)
 p - a wand of disintegration (18)
Scrolls
 b - a scroll of noise {unknown}
 d - a scroll of remove curse {unknown}
 e - a scroll of enchant weapon {unknown}
 h - a scroll of enchant armour {unknown}
 k - a scroll of teleportation {unknown}
 l - a scroll of blinking {unknown}
 n - a scroll of identify {unknown}
 o - a scroll of immolation {unknown}
Potions
 c - 3 potions of curing {unknown}
 f - a potion of degeneration {unknown}
 g - a potion of attraction {unknown}
 j - a potion of flight {unknown}


   Skills:
 * Level 4.8 Fighting
 * Level 5.0 Maces & Flails
 - Level 3.0 Armour
 - Level 2.3 Dodging


You had 3 spell levels left.
You didn't know any spells.
Your spell library was empty.

Dungeon Overview and Level Annotations

Branches:
Dungeon (3/15)

Altars:
Elyvilon


Innate Abilities, Weirdness & Mutations

You reflexively headbutt those who attack you in melee.
You have a pair of horns on your head.


Message History

The gnoll misses you. The gnoll closely misses you.
The orc hits you from afar with a +0 trident.
* * * LOW HITPOINT WARNING * * *
You hit the gnoll.
The gnoll is moderately wounded.
The gnoll misses you. The gnoll closely misses you. You furiously retaliate!
You headbutt the gnoll!
You kill the gnoll!
Trog accepts your kill. The orc hits you but does no damage.
Your Maces & Flails skill increases to level 5!
You hit the kobold.
The kobold is severely wounded.
The gnoll closely misses you. The orc closely misses you.
The kobold hits you but does no damage.
You closely miss the kobold.
The kobold is severely wounded.
The orc closely misses you.
The gnoll hits you from afar with a +0 halberd!!
You die...

#.....# #.....# #.....#
#.....# .. #.....# .K.#
#...<.# ......###†.###
### g..
#.....).K#####.....
.>K.####..#.oK@...r....
..ggo..#.##.g#####.....
#K..###..# ... ##..#
#..# . #........
....###.## ...... ..
........ #. .........#


You could see a gnoll, an orc, 2 kobolds and a rat.

Vanquished Creatures
  2 adders
  2 gnolls (D:3)
  2 oozes (D:1)
  A worm (D:2)
  3 dart slugs (D:1)
  A leopard gecko (D:2)
  A giant cockroach (D:3)
  6 goblins
  3 hobgoblins
  3 bats
  3 frilled lizards
  4 kobolds
  4 rats
35 creatures vanquished.

Notes
Turn   | Place    | Note
-------+----------+-------------------------------------------
     0 | D:1      | mrburnz the Minotaur Berserker began the quest for the Orb.
     0 | D:1      | Reached XP level 1. HP: 19/19 MP: 0/0
    76 | D:1      | Reached XP level 2. HP: 27/27 MP: 1/1
   106 | D:1      | Reached skill level 4 in Maces & Flails
   680 | D:1      | Reached XP level 3. HP: 34/34 MP: 2/2
   912 | D:2      | Found a white marble altar of Elyvilon.
  1142 | D:2      | Reached ** piety under Trog
  1772 | D:3      | Reached XP level 4. HP: 29/41 MP: 3/3
  1895 | D:3      | Reached skill level 5 in Maces & Flails
  1896 | D:3      | Mangled by a gnoll

Illustrated notes

Levels and vault maps discovered:
D:1:      psy_arrival_radial01, layout_loops_ring
D:2:      layout_loops_ring, overflow_temple_1_default, mrwooster_statue_mirror,
          hangedman_decor_clover_reticule
D:3:      layout_rooms

Skill      XL: |  1  2  3  4 |
---------------+-------------+-----
Maces & Flails | 4 5 |  5.0
Fighting       | 4 |  4.8
Armour         | 3 |  3.0
Dodging        | |  2.3

Action                   |  1- 3 |  4- 6 || total
-------------------------+-------+-------++-------
Melee: Mace              |    69 |     7 ||    76
       Headbutt          |    10 |     1 ||    11
Armor: Animal skin       |     6 |       ||     6
       Ring mail         |    20 |     4 ||    24
Dodge: Dodged            |    49 |    13 ||    62
